 Dungeon Crawl Stone Soup version 0.25.1-9-gc5326a611f (webtiles) character file.

Game seed: 14161156025799737833

609 Goreval the Sneak (level 7, -3/41 HPs)
             Began as an Octopode Wizard on Jan 1, 2021.
             Slain by an ice beast (8 damage)
             ... on level 5 of the Dungeon.
             The game lasted 00:12:11 (8437 turns).

Goreval the Sneak (Octopode Wizard)                 Turns: 8437, Time: 00:12:11

Health: -3/41      AC:  1    Str:  6    XL:     7   Next: 43%
Magic:  11/13      EV: 30    Int: 22    God:
Gold:   250        SH:  0    Dex: 17    Spells: 0/14 levels left

rFire    . . .     SeeInvis .   j - +0 dagger
rCold    . . .     Gourm    .   (no shield)
rNeg     . . .     Faith    .   a - +0 hat
rPois    .         Spirit   .   p - amulet of the acrobat
rElec    .         Reflect  .   s - +6 ring of dexterity
rCorr    .         Harm     .   (no ring)
MR       .....                  (no ring)
Stlth    ++++......             (no ring)
HPRegen  0.13/turn              (no ring)
MPRegen  0.13/turn              (no ring)
                                (no ring)
                                (no ring)

@: acrobat
A: almost no armour, stealthy swim, amphibious, 8 rings, constrict 8, camouflage
1, gelatinous body 1
a: no special abilities


You were on level 5 of the Dungeon.
You were very hungry.

You visited 1 branch of the dungeon, and saw 5 of its levels.

You collected 250 gold pieces.

Inventory:

Hand Weapons
 j - a +0 dagger (weapon)
 t - the cursed +1 whip of the Dancing Fool {vorpal, Int+2, unknown}
   (You found it on level 4 of the Dungeon)

   It inflicts extra damage upon your enemies.
   It affects your intelligence (+2).
   It has a curse placed upon it.
Missiles
 g - 151 stones (quivered)
 v - 2 throwing nets
Armour
 a - a +0 hat (worn)
Jewellery
 p - an amulet of the acrobat (around mantle)
 s - a +6 ring of dexterity (left tentacle)
Wands
 l - a wand of iceblast (7)
 q - a wand of acid (6)
Scrolls
 b - 2 scrolls of amnesia {unknown}
 d - 9 scrolls of identify {unknown}
 f - a scroll of remove curse {unknown}
 i - 2 scrolls of blinking {unknown}
 m - a scroll of teleportation {unknown}
 n - a scroll of fog {unknown}
 o - 3 scrolls of random uselessness {unknown}
 u - a scroll of noise {unknown}
Potions
 e - a potion of brilliance {unknown}
 h - 2 potions of haste {unknown}
 k - a potion of invisibility {unknown}
 r - a potion of lignification {unknown}
 w - 2 potions of mutation {unknown}
Comestibles
 c - 9 rations


   Skills:
 + Level 3.8 Dodging
 + Level 5.5 Stealth
 + Level 4.2 Spellcasting
 * Level 4.8 Conjurations
 - Level 1.0 Summonings
 - Level 1.0 Translocations
 + Level 1.0 Air Magic


You couldn't memorise any spells.
You knew the following spells:

 Your Spells              Type           Power        Failure   Level  Hunger
a - Magic Dart            Conj           ####         1%          1    None
b - Mephitic Cloud        Conj/Pois/Air  ##......     14%         3    ##.....
c - Conjure Flame         Conj/Fire      ###.....     12%         3    ##.....
d - Shock                 Conj/Air       ###.         3%          1    None
k - Swiftness             Chrm/Air       #.......     13%         2    #......
n - Blink                 Tloc           N/A          11%         2    #......
z - Call Imp              Summ           #.......     11%         2    #......

Your spell library contained the following spells:

 Spells                   Type           Power        Failure   Level  Hunger
 Static Discharge         Conj/Air       ###.....     10%         3    ##.....
 Slow                     Hex            #.......     17%         2    #......
 Airstrike                Air            #.........   56%         4    ####...
 Lightning Bolt           Conj/Air       ###.......   65%         5    ######.


Dungeon Overview and Level Annotations

Branches:
Dungeon (5/15)
 Temple: D:4-7

Altars:
Dithmenos
Kikubaaqudgha
Qazlal


Innate Abilities, Weirdness & Mutations

You cannot wear most types of armour.
You are very stealthy in the water. (Stealth+)
You are amphibious.
You can wear up to eight rings at the same time.
You can use your tentacles to constrict eight enemies at once.
Your skin changes colour to match your surroundings (Stealth+).
Your rubbery body absorbs attacks. (AC +1, EV +1)


Message History

Your shadow imp barely misses the ice beast.
Your crimson imp hits the ice beast but does no damage.
Your shadow imp completely misses the ice beast.
Your crimson imp closely misses the ice beast.
Your crimson imp blinks!
Unknown command.
Your crimson imp blinks!
Your crimson imp blinks!
Aim: an ice beast (lightly wounded)
The magic dart hits the ice beast but does no damage.
The ice beast hits you. The ice beast freezes you!
* * * LOW HITPOINT WARNING * * *
Your shadow imp hits the ice beast.
Your shadow imp disappears in a puff of smoke!
There is a stone staircase leading up here.
A beastly little devil appears in a puff of frigid air.
The ice beast hits you.
* * * LOW HITPOINT WARNING * * *
The ice beast freezes you!
You die...

######## ##......#
#######.....รท.# ##.............#
##### ###..############# .....
#...## ..... ##########.### .....
.......##..#################.....
######........5Y@................
#......################......
#.###...Y.....<..## ##......
#.##..............####.......
#####.#..).........>.......#...).
.##...#............[...#####.....
....###................# #####
.#### #................# .#
#...........>..).####


You could see an ice beast and a friendly white imp (summoned).

Vanquished Creatures
  A sky beast (D:5)
  A scorpion (D:5)
  A hound (D:5)
  2 jellies (D:5)
  2 orc priests (D:5)
  A worker ant zombie (D:5)
  7 adders
  4 gnolls
  An ooze (D:1)
  A worm (D:2)
  A dart slug (D:1)
  3 leopard geckos
  5 orcs
  6 giant cockroaches
  6 goblins
  3 hobgoblins
  10 jackals
  A quokka (D:3)
  A ball python (D:4)
  9 bats
  3 frilled lizards
  8 kobolds
  A quokka zombie (D:5)
  8 rats
86 creatures vanquished.

Vanquished Creatures (collateral kills)
  A sky beast (D:5)
  A scorpion (D:3)
  A worker ant (D:2)
  4 gnolls
  3 adders
  A worm (D:2)
  4 orcs
  A hobgoblin (D:1)
  4 jackals
  A kobold (D:3)
21 creatures vanquished.

Grand Total: 107 creatures vanquished

Notes
Turn   | Place    | Note
-------+----------+-------------------------------------------
     0 | D:1      | Goreval the Octopode Wizard began the quest for the Orb.
     0 | D:1      | Reached XP level 1. HP: 11/11 MP: 4/4
   177 | D:1      | Reached XP level 2. HP: 17/17 MP: 0/6
   181 | D:1      | Learned a level 2 spell: Blink
   184 | D:1      | Learned a level 2 spell: Call Imp
   249 | D:1      | Reached skill level 3 in Stealth
   919 | D:1      | Reached XP level 3. HP: 17/21 MP: 0/7
   924 | D:1      | Learned a level 3 spell: Mephitic Cloud
  1463 | D:2      | Found a stormy altar of Qazlal.
  2118 | D:2      | Found an ancient bone altar of Kikubaaqudgha.
  2651 | D:2      | Reached XP level 4. HP: 6/27 MP: 0/9
  3591 | D:3      | Reached skill level 4 in Stealth
  3591 | D:3      | Reached XP level 5. HP: 28/31 MP: 0/10
  3596 | D:3      | Learned a level 3 spell: Conjure Flame
  5507 | D:4      | Reached XP level 6. HP: 36/36 MP: 6/11
  5609 | D:4      | Found a shadowy altar of Dithmenos.
  5616 | D:4      | Got a transparent whip
  5923 | D:5      | Entered Level 5 of the Dungeon
  6600 | D:4      | Reached skill level 5 in Stealth
  7185 | D:5      | Reached XP level 7. HP: 14/41 MP: 2/13
  7478 | D:5      | Learned a level 1 spell: Shock
  7482 | D:5      | Learned a level 2 spell: Swiftness
  7686 | D:5      | Reached skill level 1 in Air Magic
  8437 | D:5      | Slain by an ice beast

Illustrated notes

Levels and vault maps discovered:
D:1:      minmay_arrival_glassed_features, layout_basic, minivault_5
D:2:      layout_basic, kiku_gazebo_garden_becter, minivault_23,
          chequers_serial_rivers_marsh, grunt_qazlal_sundering
D:3:      layout_loops_cross
D:4:      layout_cave_pools, first_ration, nicolae_dithmenos_the_darkroom
D:5:      layout_rooms

Skill      XL: |  1  2  3  4  5  6  7 |
---------------+----------------------+-----
Stealth        | 3 4 5 |  5.5
Conjurations   | 2 3 4 |  4.8
Dodging        | 3 |  3.8
Spellcasting   | 4 |  4.2
Air Magic      | 1 |  1.0
Summonings     | |  1.0
Translocations | |  1.0

Action                   |  1- 3 |  4- 6 |  7- 9 || total
-------------------------+-------+-------+-------++-------
Melee: Unarmed           |    11 |       |       ||    11
       Constrict         |     8 |     7 |     1 ||    16
       Tentacles         |     4 |     5 |     2 ||    11
       Dagger            |    20 |    28 |    12 ||    60
 Cast: Magic Dart        |    90 |   176 |    26 ||   292
       Call Imp          |     7 |    19 |    12 ||    38
 Stab: Distracted        |       |       |     2 ||     2
  Eat: Chunk             |     5 |    14 |     3 ||    22
Armor: Skin              |     3 |     5 |       ||     8
Dodge: Dodged            |    39 |    82 |    12 ||   133
